 Dungeon Crawl Stone Soup version 0.28.0-1-gb440e238dd (webtiles) character file.

Game seed: 18275290420600551517

2060 porpoise the Skirmisher (level 9, -6/68 HPs)
             Began as a Djinni Conjurer on Feb 26, 2022.
             Mangled by an orc warrior (15 damage)
             ... on level 6 of the Dungeon.
             The game lasted 00:29:39 (7336 turns).

porpoise the Skirmisher (Djinni Conjurer)           Turns: 7336, Time: 00:29:40

Health: -6/68      AC:  3    Str: 14    XL:     9   Next: 50%
Gold:   242        EV: 12    Int: 22    God:
                   SH:  0    Dex: 12

rFire   + + .      SeeInvis +   b - +1 hunting sling
rCold   x . .      Faith    .   (no shield)
rNeg    . . .      Spirit   .   m - +0 robe
rPois   ∞          Reflect  .   n - +0 helmet
rElec   .          Harm     .   (no cloak)
rCorr   .          Rampage  .   (no gloves)
Will    .....                   (boots unavailable)
Stlth   +++.......              t - amulet of regeneration
HPRegen 1.01/turn               q - +6 ring of strength
MPRegen 0.00/turn               u - ring of see invisible

@: flying
A: sickness immunity, fire resistance 2, cold vulnerability 1, float, innate
caster, HP casting, extra vitality 1
a: no special abilities


You were on level 6 of the Dungeon.
You visited 2 branches of the dungeon, and saw 7 of its levels.
You also visited: Sewer.

You collected 242 gold pieces.

Inventory:

Hand Weapons
 a - a +1 whip of draining
 b - a +1 hunting sling (weapon)
 g - a +1 dagger of venom
Missiles
 d - 165 stones (quivered ammo)
 j - 17 poisoned darts
 k - 4 boomerangs
 w - 71 arrows
 x - 24 bolts
 y - 46 sling bullets
Armour
 m - a +0 robe (worn)
 n - a +0 helmet (worn)
Jewellery
 f - an amulet of reflection
 q - a +6 ring of strength (left hand)
 t - an amulet of regeneration (around neck)
 u - a ring of see invisible (right hand)
Wands
 h - a wand of polymorph (14)
 F - a wand of flame (18)
Scrolls
 l - a scroll of immolation
 r - 2 scrolls of teleportation
 v - 3 scrolls of enchant weapon
 D - a scroll of brand weapon {unknown}
Potions
 c - 3 potions of curing
 e - 3 potions of heal wounds
 i - a potion of invisibility
 o - 3 potions of brilliance
 p - 2 potions of berserk rage {unknown}
 s - a potion of ambrosia
 z - 2 potions of attraction
 A - 2 potions of mutation {unknown}
 B - 2 potions of resistance {unknown}
 C - a potion of haste {unknown}
 E - a potion of flight {unknown}


   Skills:
 * Level 7.4 Fighting
 - Level 2.1 Dodging
 - Level 5.0 Stealth
 * Level 6.7 Spellcasting


You couldn't memorise any spells.
You knew the following spells:

 Your Spells              Type           Power      Damage    Failure   Level
a - Magic Dart            Conj           100%       1d8       1%          1
b - Searing Ray           Conj           72%        2d7       1%          2
c - Fulminant Prism       Conj/Hex       18%        3d11      5%          4
d - Iskenderun's Mystic   Conj/Tloc      36%        2d9       5%          4
i - Ignite Poison         Fire/Tmut/Pois 36%        N/A       1%          3
k - Blink                 Tloc           72%        N/A       1%          2
v - Poisonous Vapours     Pois/Air       72%        N/A       1%          2
x - Foxfire               Conj/Fire      100%       2x1d9     1%          1
z - Dazzling Flash        Conj/Hex       72%        N/A       1%          3
Your spell library was empty.

Dungeon Overview and Level Annotations

Branches:
Dungeon (6/15)             Temple (1/1) D:5           Sewer (visited)

Altars:
Cheibriados
Dithmenos
Elyvilon
Fedhas
Gozag
Hepliaklqana
Kikubaaqudgha
Nemelex Xobeh
Okawaru
Qazlal
Ru
Sif Muna
Trog
Uskayaw
Vehumet
Wu Jian
Xom
Yredelemnul
Zin
The Shining One

Annotations:
D:6 3 runed translucent doors, DeadBczImStupid's ghost, novice TrHu


Innate Abilities, Weirdness & Mutations

You are immune to sickness and miasma.
You are immune to poison.
Your flesh is very heat resistant. (rF++)
You are vulnerable to cold. (rC-)
You float through the air rather than walking.
You learn spells naturally, not from books.
Your magical power is your life essence.
You have superior vitality. (+4 MHP)


Message History

Aiming: Searing Ray (safe; 1% risk of failure)
Press: ? - help, Shift-Dir - straight line, f - adder
Aim: an adder (68% to hit)
The searing ray hits the orc warrior but does no damage.
The searing ray misses the adder. (Press . to maintain the ray.)
The orc warrior hits you with a +0 scimitar!
* * * LOW HITPOINT WARNING * * *
Your fulminant prism explodes!
The blast of energy engulfs the adder!
You kill the adder!
The blast of energy engulfs the orc warrior!
The orc warrior is heavily wounded.
Casting: Searing Ray (safe; 1% risk of failure)
Confirm with . or Enter, or press ? or * to list all spells.
Aiming: Fulminant Prism (dangerous; 5% risk of failure)
Press: ? - help, Dir - move target You conjure a prism of explosive energy!
* * * LOW HITPOINT WARNING * * *
A fulminant prism comes into view.
The orc warrior closely misses you.
Casting: Fulminant Prism (dangerous; 5% risk of failure)
Confirm with . or Enter, or press ? or * to list all spells.
You erupt in a blast of force!
The mystic blast hits the orc warrior.
The orc warrior is heavily wounded.
The orc warrior is knocked back by the mystic blast.
The orc warrior slams into the granite statue!
The orc warrior is severely wounded.
* * * LOW HITPOINT WARNING * * *
Your fulminant prism crackles loudly.
Casting: Iskenderun's Mystic Blast (dangerous; 5% risk of failure)
Confirm with . or Enter, or press ? or * to list all spells.
You erupt in a blast of force!
The mystic blast hits the orc warrior.
The orc warrior is severely wounded.
The orc warrior is knocked back by the mystic blast.
The orc warrior slams into the granite statue!
The orc warrior is almost dead.
* * * LOW HITPOINT WARNING * * *
The orc warrior hits you with a +0 scimitar!
You die...

..'...#.####.....####.###.#
..###.#.#$.##...## #.#...#
..# #.#.#...##.##. #.#.###
..# #.#.##...#.#. ##.#.#
..# #)#..##.'#.#' ##..#.#
### #.....###..*###...#.#
#.........8†........#
#.#...###.†o###.....#####
#.#..## +#.#@.##..#.....#
#.#.## #.#...##.#####.#
#.#.# ##.##...#.# #.# #.#.#
##...##.:#.# #.#
#.#.####.....####.#####.#
#...............##....#
######..#########.####
#.........# #.#
...#######.######.#######


You could see an orc warrior (ally target) and a friendly fulminant prism.

Vanquished Creatures
  A troll (D:6)
  A water moccasin (D:4)
  A black bear (D:6)
  An ice beast (D:6)
  A necrophage (D:6)
  2 ogres
  A wyvern zombie (D:5)
  3 bullfrogs
  A scorpion (D:5)
  2 water moccasin skeletons
  A howler monkey (D:6)
  A bullfrog zombie (D:6)
  5 hounds
  A jelly (D:6)
  2 orc priests
  An iguana (D:6)
  Jessica (D:2)
  2 orc wizards (D:5)
  3 hound skeletons (D:4)
  Robin (D:4)
  7 gnolls (D:5)
  A howler monkey zombie (D:5)
  16 adders
  6 river rats (Sewer)
  A white imp (D:6)
  4 dart slugs
  5 orcs
  15 ball pythons
  6 bats
  9 endoplasms
  7 giant cockroaches
  17 goblins
  9 hobgoblins
  5 quokkas
  4 frilled lizards
  9 kobolds
  28 rats
181 creatures vanquished.

Vanquished Creatures (others)
  29 foxfires
  10 fulminant prisms
39 creatures vanquished.

Grand Total: 220 creatures vanquished

Notes
Turn   | Place    | Note
-------+----------+-------------------------------------------
     0 | D:1      | porpoise the Djinni Conjurer began the quest for the Orb.
     0 | D:1      | Reached XP level 1. HP: 15/15 MP: 0/0
   183 | D:1      | Reached XP level 2. HP: 17/22 MP: 0/0
   276 | D:1      | Reached skill level 1 in Fighting
   823 | D:1      | Reached XP level 3. HP: 22/27 MP: 0/0
   823 | D:1      | Learned a level 1 spell: Foxfire
  1393 | D:2      | Noticed Jessica
  1396 | D:2      | Killed Jessica
  1397 | D:2      | Reached XP level 4. HP: 32/33 MP: 0/0
  1403 | D:2      | Reached skill level 2 in Fighting
  1892 | D:2      | Found a faded altar of an unknown god.
  2159 | D:2      | You are sucked into a shaft and drop 2 floors!
  2167 | D:4      | Reached XP level 5. HP: 30/39 MP: 0/0
  2167 | D:4      | Learned a level 2 spell: Blink
  3344 | D:4      | Reached skill level 3 in Fighting
  3373 | D:4      | Reached XP level 6. HP: 41/46 MP: 0/0
  3569 | D:4      | Noticed an ogre
  3816 | D:4      | Killed an ogre
  3839 | D:4      | Noticed Robin
  3861 | D:4      | Killed Robin
  3894 | D:4      | Noticed a water moccasin
  3905 | D:4      | Killed a water moccasin
  3906 | D:4      | Reached skill level 4 in Fighting
  3906 | D:4      | Reached XP level 7. HP: 35/52 MP: 0/0
  3906 | D:4      | Learned a level 2 spell: Poisonous Vapours
  4475 | D:5      | Entered Level 5 of the Dungeon
  4508 | D:5      | Found a glowing drain.
  4554 | Sewer    | Entered a sewer
  4691 | Sewer    | Reached skill level 5 in Spellcasting
  5111 | Sewer    | Reached skill level 5 in Fighting
  5111 | Sewer    | Reached XP level 8. HP: 58/59 MP: 0/0
  5218 | D:5      | Found a staircase to the Ecumenical Temple.
  5235 | Temple   | Entered the Ecumenical Temple
  6419 | D:5      | Reached skill level 6 in Fighting
  6846 | D:6      | Reached XP level 9. HP: 65/67 MP: 0/0
  6846 | D:6      | Learned a level 3 spell: Ignite Poison
  6988 | D:6      | Noticed a komodo dragon
  6991 | D:6      | Found a runed translucent gate.
  6991 | D:6      | Found a runed translucent gate.
  6991 | D:6      | Found a runed translucent gate.
  6992 | D:6      | Noticed DeadBczImStupid's ghost (novice TrHu)
  7323 | D:6      | Reached skill level 7 in Fighting
  7323 | D:6      | Noticed a troll
  7329 | D:6      | Killed a troll
  7330 | D:6      | Reached skill level 5 in Stealth
  7336 | D:6      | Mangled by an orc warrior

Illustrated notes

Levels and vault maps discovered:
D:1:      dpeg_arrival_more_subterranean_lakeside_camping, layout_basic,
          grunt_decor_mini_mirrors
D:2:      layout_loops_ring, chequers_ecumenical_altar_lobes, uniq_jessica
D:3:      minmay_evil_eye, layout_rooms
D:4:      layout_loops_ring, minmay_bent, uniq_robin
D:5:      layout_loops_corners, minmay_temple_entry_trees, portal_sewer_entry_b,
          minmay_misc_feat_doors
D:6:      cheibrodos_barr_body, layout_basic, grunt_ashenzari_visionary
          [grunt_ashenzari_visionary_shoals, grunt_ashenzari_visionary_snake],
          gammafunk_ghost_split, minmay_statues_item, minmay_misc_feat_tower
Temple:   mainiacjoe_temple_big_plus

Skill      XL: |  1  2  3  4  5  6  7  8  9 |
---------------+----------------------------+-----
Fighting       | 1 2 3 4 5 6 7 |  7.4
Stealth        | 2 3 4 5 |  5.0
Spellcasting   | 4 5 6 |  6.7
Dodging        | |  2.1

Action                   |  1- 3 |  4- 6 |  7- 9 || total
-------------------------+-------+-------+-------++-------
Melee: Hunting sling     |       |       |     1 ||     1
 Fire: Hunting sling     |       |    36 |    68 ||   104
 Cast: Magic Dart        |    35 |    23 |    27 ||    85
       Searing Ray       |     4 |    33 |    45 ||    82
       Foxfire           |     1 |     5 |    11 ||    17
       Fulminant Prism   |       |     1 |    10 ||    11
       Poisonous Vapours |       |       |     2 ||     2
       Iskenderun's Myst |       |       |     5 ||     5
       Ignite Poison     |       |       |     1 ||     1
  Use: Scroll            |       |       |    12 ||    12
Armor: Robe              |     2 |     7 |     6 ||    15
Dodge: Dodged            |     1 |    12 |    30 ||    43
